 Dungeon Crawl Stone Soup version 0.28.0-53-g5a82cb258f (webtiles) character file.

Game seed: 11940821161733047263

803 buhh the Changer (level 7, 0/45 HPs)
             Began as an Octopode Transmuter on June 16, 2022.
             Splashed by a jelly's acid (8 damage)
             ... on level 4 of the Dungeon.
             The game lasted 00:09:54 (4118 turns).

buhh the Changer (Octopode Transmuter)              Turns: 4118, Time: 00:09:55

Health: 0/45       AC: -6    Str:  9    XL:     7   Next: 91%
Magic:  9/10       EV: 19    Int: 18    God:
Gold:   208        SH:  0    Dex: 17    Spells: 4/10 levels left

rFire   . . .      SeeInvis .     - Unarmed
rCold   . . .      Faith    .   (shield currently unavailable)
rNeg    . . .      Spirit   .   (helmet currently unavailable)
rPois   x          Reflect  .   (no amulet)
rElec   .          Harm     .   (no ring)
rCorr   .          Rampage  .   (no ring)
Will    .....                   (no ring)
Stlth   ++........              (no ring)
HPRegen 0.15/turn               (no ring)
MPRegen 0.12/turn               (no ring)
                                (no ring)
                                (no ring)

@: spider-form (expiring), corroded
A: venomous fangs, almost no armour, (amphibious), 8 rings, tiny, (camouflage
1), (gelatinous body 1), (nimble swimmer 1), (tentacles)
a: End Transformation


You were on level 4 of the Dungeon.
You were a venomous arachnid creature.
You visited 1 branch of the dungeon, and saw 4 of its levels.

You collected 208 gold pieces.

Inventory:

Hand Weapons
 a - a +5 dagger of speed (melded)
Wands
 e - a wand of polymorph (5)
 f - a wand of flame (7)
Scrolls
 g - a scroll of identify {!d}
 h - a scroll of magic mapping {unknown}
 i - a scroll of silence {unknown}
 T - 2 scrolls of immolation {!d}
 X - a scroll of amnesia
Potions
 b - a potion of brilliance {unknown}
 c - 2 potions of flight {unknown}
 d - a potion of ambrosia {unknown}


   Skills:
 - Level 2.0 Fighting
 - Level 2.0 Dodging
 - Level 1.0 Stealth
 - Level 5.0 Unarmed Combat
 - Level 2.0 Spellcasting
 * Level 7.0 Transmutations
 - Level 3.0 Poison Magic


You had 4 spell levels left.
You knew the following spells:

 Your Spells              Type           Power      Damage    Failure   Level
a - Beastly Appendage     Tmut           54%        N/A       5%          1
b - Wereblood             Tmut           27%        N/A       7%          2
c - Spider Form           Tmut/Pois      19%        N/A       19%         3

Your spell library contained the following spells:

 Spells                   Type           Power      Damage    Failure   Level
 Corpse Rot               Necr/Air       2%         N/A       47%         2
 Ensorcelled Hibernation  Hex/Ice        2%         N/A       47%         2
 Ice Form                 Ice/Tmut       14%        N/A       61%         4
 Confusing Touch          Hex            1%         N/A       69%         3
 Dazzling Flash           Conj/Hex       2%         N/A       69%         3
 Anguish                  Hex/Necr       0%         N/A       96%         4
 Dispel Undead            Necr           1%         3d6       96%         4
 Yara's Violent Unravell  Hex/Tmut       7%         3d5       89%         5
 Agony                    Necr           1%         N/A       100%        5
 Silence                  Hex/Air        0%         N/A       100%        5
 Death Channel            Necr           0%         N/A       100%        6
 Enfeeble                 Hex            0%         N/A       100%        7


Dungeon Overview and Level Annotations

Branches:
Dungeon (4/15)
 Temple: D:4-7

Altars:
Trog

Annotations:
D:2 1 runed translucent door, Crazy Yiuf


Innate Abilities, Weirdness & Mutations

You are a venomous arachnid creature.
You have poisonous fangs.
You are tiny and dextrous.
Your spellcasting is less reliable in this form.
Your armour is entirely melded.
You are incapable of wielding weapons or throwing items.
You cannot wear most types of armour.
((You are amphibious.))
You can wear up to eight rings at the same time.
((Your skin changes colour to match your surroundings (Stealth+).))
((Your rubbery body absorbs attacks. (AC +1, EV +1)))
((You are camouflaged when in or above water. (Stealth+)))
((You have tentacles for arms and can constrict up to eight enemies at once.))


Message History

Confirm with . or Enter, or press ? or * to list all spells.
Your tentacle spike disappears.
You turn into a venomous arachnid creature.
Your +5 dagger of speed melds into your body.
The gnoll hits you with a +1 vorpal spear.
You hit the gnoll.
The gnoll is poisoned.
The gnoll is lightly wounded.
The gnoll misses you.
You hit the gnoll.
The gnoll looks as sick as possible!
The gnoll is heavily wounded.
The gnoll hits you with a +1 vorpal spear!
You hit the gnoll.
You kill the gnoll!
Your Transmutations skill increases to level 7!
You see here a +1 vorpal spear.
A gnoll comes into view.
It is wielding a +1 vorpal halberd and wearing the +1 robe "Lyiwel" {Will- rCorr Int+3 Slay+4}.
Aiming: Polymorph
Press: ? - help, Shift-Dir - straight line, f - gnoll
Aim: a gnoll, wielding a +1 vorpal halberd and wearing the +1 robe "Lyiwel" {Will- rCorr Int+3 Slay+4} (wandering, hasn't noticed you, will become a quokka, a howler monkey, or a jelly, chance to affect: 66%)
The gnoll shouts!
The gnoll evaporates and reforms as a jelly!
Your transformation is almost over.
The jelly hits you. The acid corrodes you!
You are splashed with acid!
You hit the jelly but do no damage. The acid corrodes you!
Your front legs burn!
The jelly jiggles.
The jelly misses you.
You hit the jelly.
Your front legs burn!
The jelly is moderately wounded.
You hit the jelly.
Your front legs burn!
The jelly is moderately wounded.
The jelly jiggles.
The jelly completely misses you.
You hit the jelly.
Your front legs burn!
* * * LOW HITPOINT WARNING * * *
The jelly is severely wounded.
The jelly hits you.
* * * LOW HITPOINT WARNING * * *
You are splashed with acid!
You die...

......... #.......#
####.......#
..........#
#........# #........#
#........#.# #
##########)..sJ....[.
.##
#..†.........##..)..#
#.#
#.##########.##.....#
#.. #.# #.##.....#
#.# #.# #.##....##
#####.# #.# #.##...##
##...#.# #.#
#######.##...#
##.###.># #.#
#........#)..###.##
##.## #.#
#.###........†...#
#...


You could see a jelly.

Vanquished Creatures
  Grinder (D:3)
  Sigmund (D:3)
  An orc warrior (D:4)
  An ice beast (D:4)
  An ogre (D:4)
  A hound (D:4)
  Robin (D:3)
  4 adders
  3 gnolls (D:4)
  An adder skeleton (D:4)
  2 worms
  A dart slug (D:3)
  5 orcs
  5 bats
  4 endoplasms
  5 giant cockroaches
  14 goblins
  7 hobgoblins
  3 jackals (D:1)
  A quokka (D:1)
  7 ball pythons
  2 frilled lizards
  5 kobolds
  5 rats
81 creatures vanquished.

Vanquished Creatures (others)
  A fungus (D:1)
  A plant (D:3)
2 creatures vanquished.

Grand Total: 83 creatures vanquished

Notes
Turn   | Place    | Note
-------+----------+-------------------------------------------
     0 | D:1      | buhh the Octopode Transmuter began the quest for the Orb.
     0 | D:1      | Reached XP level 1. HP: 13/13 MP: 3/3
    52 | D:1      | Reached XP level 2. HP: 5/18 MP: 3/5
   869 | D:1      | Reached XP level 3. HP: 24/24 MP: 4/6
   895 | D:1      | Found a faded altar of an unknown god.
  1375 | D:2      | Identified the +1 helmet of the Evening Star {+Blink rF+
                  | Str+4 Int+2}
  1827 | D:2      | Found a runed translucent door.
  1828 | D:2      | Noticed Crazy Yiuf
  1963 | D:2      | Learned a level 2 spell: Wereblood
  1967 | D:2      | Learned a level 3 spell: Spider Form
  2078 | D:3      | Found a bloodstained altar of Trog.
  2261 | D:3      | Reached XP level 4. HP: 21/29 MP: 5/7
  2658 | D:3      | Noticed Sigmund
  2671 | D:3      | Killed Sigmund
  2672 | D:3      | Reached skill level 3 in Transmutations
  2672 | D:3      | Reached XP level 5. HP: 25/34 MP: 6/8
  2672 | D:3      | Reached XP level 6. HP: 29/39 MP: 6/9
  2789 | D:3      | Noticed Grinder
  2821 | D:3      | Killed Grinder
  2822 | D:3      | Reached skill level 4 in Transmutations
  2873 | D:3      | Noticed Robin
  3023 | D:3      | Killed Robin
  3024 | D:3      | Reached XP level 7. HP: 39/45 MP: 8/10
  3174 | D:3      | Reached skill level 5 in Transmutations
  3812 | D:4      | Reached skill level 6 in Transmutations
  4102 | D:4      | Reached skill level 7 in Transmutations
  4110 | D:4      | Identified the +1 robe "Lyiwel" {Will- rCorr Int+3 Slay+4}
  4118 | D:4      | Splashed by a jelly's acid

Illustrated notes

Levels and vault maps discovered:
D:1:      wander_arrival_estate, layout_loops_cross,
          shapermc_ecumenical_altar_acropolis, minmay_tetromino_s2
D:2:      layout_rooms, serial_park_tiny_pond, uniq_crazy_yiuf_cottage
D:3:      layout_loops_corners, mainiacjoe_overflow_alcove_2,
          chequers_serial_rivers_large_a, serial_bayou_crossing, uniq_grinder,
          uniq_robin, uniq_sigmund
D:4:      layout_loops_ring

Skill      XL: |  1  2  3  4  5  6  7 |
---------------+----------------------+-----
Stealth        | 1 |  1.0
Fighting       | 2 |  2.0
Poison Magic   | 2 3 |  3.0
Unarmed Combat | 5 |  5.0
Transmutations | 3 4 7 |  7.0
Dodging        | |  2.0
Spellcasting   | |  2.0

Action                   |  1- 3 |  4- 6 |  7- 9 || total
-------------------------+-------+-------+-------++-------
Melee: Unarmed           |    88 |     2 |    48 ||   138
       Constrict         |    23 |     6 |     6 ||    35
       Tentacles         |    18 |     6 |     4 ||    28
       Kick              |    27 |     4 |     7 ||    38
       Punch             |     3 |     2 |       ||     5
       Dagger            |       |    31 |    24 ||    55
 Cast: Beastly Appendage |    27 |     4 |    11 ||    42
       Wereblood         |       |     2 |       ||     2
       Spider Form       |       |       |     5 ||     5
Evoke: Wand              |       |     3 |     4 ||     7
  Use: Scroll            |       |     4 |       ||     4
 Stab: Sleeping          |     2 |     3 |     4 ||     9
Armor: Skin              |     8 |     1 |     1 ||    10
Dodge: Dodged            |    55 |    17 |    40 ||   112
